 Dungeon Crawl Stone Soup version 0.18.1-50-g88ac8fd (webtiles) character file.

1316 Amnesiac the Slicer (level 8, -10/45 HPs)
             Began as a Deep Elf Fighter on Mar 2, 2018.
             Was an Initiate of Gozag.
             Mangled by an ogre
             ... wielding a +0 giant spiked club
              (22 damage)
             ... on level 8 of the Dungeon.
             The game lasted 00:08:33 (6472 turns).

Amnesiac the Slicer (Deep Elf Fighter)              Turns: 6472, Time: 00:08:34

Health: -10/45     AC: 11    Str: 15    XL:     8   Next: 33%
Magic:  14/15      EV:  6    Int: 14    God:    Gozag
Gold:   890        SH:  8    Dex: 14    Spells: 0 memorised, 7 levels left

rFire  . . .     SeeInvis +     y - +5 short sword
rCold  . . .     Gourm    .     b - +0 scale mail
rNeg   . . .     Faith    .     c - +0 shield
rPois  .         Spirit   .     t - +2 helmet {SInv}
rElec  .         Dismiss  .     L - +0 cloak
rCorr  .         Reflect  .     (no gloves)
SustAt .         Harm     .     Q - +0 pair of boots
MR     .....                    (no amulet)
Stlth  ..........               (no ring)
                                (no ring)

@: gold aura, not resistant to hostile enchantments, extremely unstealthy
A: no striking features
a: Potion Petition, Call Merchant, Bribe Branch, Renounce Religion


You were on level 8 of the Dungeon.
You worshipped Gozag.
Gozag was noncommittal.
You were not hungry.

You visited 1 branch of the dungeon, and saw 8 of its levels.

You collected 959 gold pieces.
You paid 69 gold pieces to Gozag.

Inventory:

Hand Weapons
 y - a +5 short sword (weapon)
 S - a +1 short sword of freezing
Missiles
 d - 51 sling bullets
 k - 242 stones (quivered)
 l - 3 javelins of returning
 p - 6 poisoned needles
 J - 22 bolts
Armour
 b - a +0 scale mail (worn)
 c - a +0 shield (worn)
 t - a +2 helmet of see invisible (worn)
 L - a +0 cloak (worn)
 Q - a +0 pair of boots (worn)
Magical Staves
 u - an uncursed staff of conjuration {unknown}
Jewellery
 a - a +2 ring of intelligence {unknown}
 D - an uncursed ring of flight {unknown}
Wands
 n - a wand of digging (9/24)
 N - a wand of polymorph (9/24)
 O - a wand of polymorph (12/24)
 R - a wand of flame (16/48)
Scrolls
 e - 3 scrolls of recharging {!r, unknown}
 g - 3 scrolls of teleportation {!r, unknown}
 h - 3 scrolls of fog {!r, unknown}
 i - a scroll of fear {!r, unknown}
 j - 6 scrolls of identify {!r, unknown}
 m - 2 scrolls of noise {!r, unknown}
 o - 7 scrolls of remove curse {!r}
 r - 2 scrolls of amnesia {!r, unknown}
 s - 5 scrolls of enchant weapon {!r, unknown}
 w - a scroll of enchant armour {!r, unknown}
 E - 2 scrolls of immolation {!r, unknown}
 F - 3 scrolls of blinking {!r, unknown}
Potions
 f - a potion of ambrosia {!q, unknown}
 q - a potion of degeneration {!q, unknown}
 v - 2 potions of might {!q}
 x - 3 potions of curing {!q, unknown}
 z - a potion of heal wounds {!q}
 A - 2 potions of resistance {!q, unknown}
 C - a potion of invisibility {!q, unknown}
 G - a potion of brilliance {!q, unknown}
 H - a potion of flight {!q, unknown}
 K - 2 potions of mutation {!q, unknown}
 M - a potion of haste {!q, unknown}
Comestibles
 B - 3 bread rations
 I - a royal jelly
 P - 2 meat rations


   Skills:
 - Level 2.4 Fighting
 - Level 8.0 Short Blades
 - Level 2.4 Armour
 - Level 2.4 Shields
 + Level 7.0 Evocations


You had 7 spell levels left.
You didn't know any spells.

Dungeon Overview and Level Annotations

Branches:
Dungeon (8/15)             Temple (0/1) D:7
   Lair: D:8-11

Altars:
Elyvilon
Fedhas
Gozag
Nemelex Xobeh
Okawaru
Qazlal
Ru
Sif Muna
Vehumet

Annotations:
D:7 Pikel


Message History

You hit the crimson imp but do no damage.
The crimson imp is almost dead.
You block the crimson imp's attack.
You hit the crimson imp. You freeze the crimson imp.
You kill the crimson imp!
No target in view!
No target in view!
You now have 890 gold pieces (gained 7).
k - 219 stones (gained 17)
I - a royal jelly
Found a short sword.
Found an escape hatch in the ceiling.
k - 242 stones (gained 23)
Found a robe.
Wield which item (- for none, * to show all)? (? for menu, Esc to quit)
Your +1 short sword of freezing stops glowing.
y - a +5 short sword (weapon)
A giant frog comes into view.
The giant frog croaks.
Found a beef jerky.
A giant frog is nearby!
A giant frog is nearby!
The giant frog hits you.
Your shield and scale mail prevent you from hitting the giant frog.
You block the giant frog's attack.
You hit the giant frog.
The giant frog is lightly wounded.
You block the giant frog's attack. x2
An ogre comes into view. It is wielding a giant spiked club.
The ogre shouts!
You hit the giant frog.
The giant frog is moderately wounded.
The ogre moves out of view.
The giant frog hits you but does no damage.
You closely miss the giant frog.
The giant frog is moderately wounded.
The giant frog hits you.
You hit the giant frog.
The giant frog is heavily wounded.
You block the giant frog's attack.
You puncture the giant frog!
You kill the giant frog!
Your Evocations skill increases to level 7!
Found 19 gold pieces.
You see here 7 gold pieces.
The ogre hits you with a giant spiked club!
You puncture the ogre!
The ogre is moderately wounded.
You block the ogre's attack.
You hit the ogre.
The ogre is moderately wounded.
You hit the ogre.
The ogre is heavily wounded.
The ogre hits you with a giant spiked club!
* * * LOW HITPOINT WARNING * * *
Unknown command.
You hit the ogre.
The ogre is severely wounded.
Unknown command.
You hit the ogre.
The ogre is severely wounded.
The ogre hits you with a giant spiked club!!
You die...
Your body crumbles into a pile of gold.

#..... ..... #....
#.... #.... ..
#.... .# #
..#...O####.#.#
.......@..#.#.#
.......$.[....#
$.........#.####..
#.##%.............
. #...###.######
#... #.# #### #.#
#.# #.#


You could see an ogre.

Vanquished Creatures
  An ice beast (D:5)
  A phantom (D:5)
  A centaur (D:6)
  An ogre (D:6)
  3 giant frogs
  A scorpion (D:4)
  A howler monkey (D:5)
  3 crimson imps
  2 jellies
  A hound (D:4)
  A quasit (D:5)
  A giant frog skeleton (D:5)
  5 orc wizards
  An iguana (D:4)
  A worker ant (D:5)
  A hound skeleton (D:5)
  9 adders
  2 shadow imps
  A white imp (D:5)
  An ooze (D:2)
  An adder skeleton (D:6)
  A worm (D:5)
  2 dart slugs
  A giant gecko (D:4)
  12 orcs
  A ball python (D:2)
  5 giant cockroaches
  8 goblins
  8 hobgoblins
  9 jackals
  5 quokkas
  6 bats
  6 giant newts
  10 kobolds
  A quokka skeleton (D:6)
  12 rats
126 creatures vanquished.

Notes
Turn   | Place    | Note
--------------------------------------------------------------
     0 | D:1      | Amnesiac the Deep Elf Fighter began the quest for the Orb.
     0 | D:1      | Reached XP level 1. HP: 13/13 MP: 3/3
   226 | D:1      | Reached skill level 3 in Short Blades
   226 | D:1      | Reached XP level 2. HP: 18/18 MP: 4/4
   386 | D:3      | Reached XP level 3. HP: 17/22 MP: 5/5
   570 | D:4      | Found a radiant altar of Vehumet.
   573 | D:4      | Found an opulent altar of Gozag.
   576 | D:4      | Found a blossoming altar of Fedhas.
   799 | D:4      | Found a sparkling altar of Nemelex Xobeh.
   823 | D:4      | Found a sacrificial altar of Ru.
   825 | D:4      | Found a white marble altar of Elyvilon.
   938 | D:4      | Became a worshipper of Gozag Ym Sagoz the Greedy
  1669 | D:1      | Reached skill level 4 in Short Blades
  1873 | D:2      | Reached XP level 4. HP: 27/27 MP: 6/6
  2754 | D:3      | Reached skill level 5 in Short Blades
  3123 | D:4      | Reached XP level 5. HP: 29/31 MP: 7/7
  3473 | D:4      | Reached skill level 6 in Short Blades
  3529 | D:5      | Entered Level 5 of the Dungeon
  3529 | D:5      | Found a stormy altar of Qazlal.
  3564 | D:5      | Reached skill level 1 in Evocations
  3613 | D:5      | Reached XP level 6. HP: 27/36 MP: 8/8
  3621 | D:5      | Got a polished hand crossbow
  3622 | D:5      | Identified the cursed +3 hand crossbow of the Volcano {flame, Fragile rPois MR++ Int+3} (You found it on level 5 of the Dungeon)
  3929 | D:5      | Reached skill level 7 in Short Blades
  3951 | D:5      | Noticed an ice beast
  3957 | D:5      | Killed an ice beast
  3957 | D:5      | Reached XP level 7. HP: 25/40 MP: 9/9
  4102 | D:5      | Reached skill level 8 in Short Blades
  4713 | D:5      | Found a deep blue altar of Sif Muna.
  5479 | D:6      | Reached skill level 5 in Evocations
  5482 | D:6      | Reached XP level 8. HP: 45/45 MP: 13/13
  6063 | D:7      | Found an iron altar of Okawaru.
  6168 | D:7      | Noticed Pikel
  6194 | D:7      | Found a staircase to the Ecumenical Temple.
  6472 | D:8      | Mangled by an ogre

Skill      XL: |  1  2  3  4  5  6  7  8 |
---------------+-------------------------+-----
Short Blades   | 3 4 5 6 7 8 |  8.0
Evocations     | 1 5 7 |  7.0
Fighting       | |  2.4
Armour         | |  2.4
Shields        | |  2.4

Action                   |  1- 3 |  4- 6 |  7- 9 || total
-------------------------+-------+-------+-------++-------
Melee: Rapier            |   160 |    20 |       ||   180
       Short sword       |       |    98 |    27 ||   125
 Fire: Hand crossbow     |       |    27 |   157 ||   184
  Use: Potion            |     2 |       |       ||     2
       Scroll            |       |     1 |       ||     1
  Eat: Bread ration      |     1 |       |       ||     1
       Meat ration       |       |     1 |     1 ||     2
       Pizza             |       |       |     2 ||     2
Armor: Scale mail        |    72 |    68 |    37 ||   177
Dodge: Dodged            |    44 |    38 |    20 ||   102
Block: Shield            |    72 |    42 |    37 ||   151
